 Dungeon Crawl Stone Soup version 0.25-a0-566-g062765be81 (webtiles) character file.

Game seed: 3548852110047660045, levelgen mode: deterministic

59 Flugslaktarn the Covered (level 3, 0/34 HPs)
             Began as a Deep Dwarf Fighter on Feb 27, 2020.
             Slain by a leopard gecko (1 damage)
             ... on level 3 of the Dungeon.
             The game lasted 00:00:35 (362 turns).

Flugslaktarn the Covered (Deep Dwarf Fighter)        Turns: 362, Time: 00:00:36

Health: 0/34       AC:  7    Str: 20    XL:     3   Next: 78%
Magic:  0/0        EV:  7    Int:  8    God:
Gold:   32         SH:  9    Dex: 12    Spells: 2/2 levels left

rFire    . . .     SeeInvis .   a - +0 war axe
rCold    . . .     Gourm    .   c - +0 kite shield
rNeg     . . .     Faith    .   b - +0 scale mail
rPois    .         Spirit   .   (no helmet)
rElec    .         Reflect  .   (no cloak)
rCorr    .         Harm     .   (no gloves)
MR       .....                  (no boots)
Stlth    ..........             (no amulet)
HPRegen  0.00/turn              (no ring)
MPRegen  0.07/turn              (no ring)

@: non-regenerating
A: damage resistance, heal wounds, sense surroundings 1, no regeneration
a: Heal Wounds


You were on level 3 of the Dungeon.
You were not hungry.

You visited 1 branch of the dungeon, and saw 4 of its levels.

You collected 32 gold pieces.

Inventory:

Hand Weapons
 a - a +0 war axe (weapon)
Armour
 b - a +0 scale mail (worn)
 c - a +0 kite shield (worn)
Scrolls
 f - a scroll of fear {unknown}
Potions
 d - a potion of might
 g - a potion of heal wounds {unknown}
 i - a potion of cancellation {unknown}
Comestibles
 e - 2 rations
 h - 3 chunks of flesh


   Skills:
 * Level 3.4 Fighting
 * Level 3.3 Axes
 + Level 3.7 Armour
 - Level 3.2 Shields


You had 2 spell levels left.
You didn't know any spells.
Your spell library was empty.

Dungeon Overview and Level Annotations

Branches:
Dungeon (4/15)
 Temple: D:4-7

Altars:

Shops:
D:4 (

Annotations:
D:4 Pikel


Innate Abilities, Weirdness & Mutations

You are resistant to damage.
You can heal yourself by infusing magical energy.
You passively map a small area around you.
You do not regenerate.


Message History

You closely miss the leopard gecko. You block the leopard gecko's attack.
The leopard gecko bites you but does no damage.
Your shield and scale mail prevent you from hitting the leopard gecko.
The leopard gecko bites you. x2
* * * LOW HITPOINT WARNING * * *
Your shield prevents you from hitting the leopard gecko.
The leopard gecko bites you but does no damage.
You closely miss the leopard gecko.
You block the leopard gecko's attack. x2
You closely miss the leopard gecko. You block the leopard gecko's attack.
The leopard gecko bites you.
* * * LOW HITPOINT WARNING * * *
You closely miss the leopard gecko. The leopard gecko bites you.
* * * LOW HITPOINT WARNING * * *
You completely miss the leopard gecko. You block the leopard gecko's attack.
The leopard gecko bites you.
* * * LOW HITPOINT WARNING * * *
You closely miss the leopard gecko. You block the leopard gecko's attack.
The leopard gecko bites you.
You closely miss the leopard gecko. The leopard gecko bites you.
You die...

, , , ####..#.### * ,
##...... , ,,
#######.###. ,, ,,
...........# * ,,,
,,#######..... * * *
#.##.. ###########
#.#### #.........###
#.# # #...l@.<....#
#..## #.........#.##
##..##
#####.#####..######...
*#.# ##.#........ ..#
#...##..... #.##
##[.##..... #.
##........ #.
#.##..... * * *
#.......#


You could see a leopard gecko.

Vanquished Creatures
  A slave (D:4)
  An orc wizard (D:4)
  2 adders
  A leopard gecko (D:2)
  3 orcs (D:4)
  A goblin (D:3)
  4 bats
  A frilled lizard (D:3)
  2 rats (D:3)
16 creatures vanquished.

Notes
Turn   | Place    | Note
-------+----------+-------------------------------------------
     0 | D:1      | Flugslaktarn the Deep Dwarf Fighter began the quest for the
                  | Orb.
     0 | D:1      | Reached XP level 1. HP: 20/20 MP: 1/1
   115 | D:2      | Reached XP level 2. HP: 25/27 MP: 2/2
   228 | D:4      | Reached XP level 3. HP: 31/34 MP: 3/3
   246 | D:4      | Found Woiwuh's Antique Weapon Boutique.
   252 | D:4      | Noticed Pikel
   256 | D:4      | Noticed a slave
   257 | D:4      | Noticed a slave
   258 | D:4      | Noticed a slave
   259 | D:4      | Noticed a slave
   281 | D:4      | Killed a slave
   360 | D:3      | HP: 1/34 [leopard gecko (1)]
   362 | D:3      | Slain by a leopard gecko

Levels and vault maps discovered:
D:1:      lemuel_arrival_hallway, layout_loops_ring
D:2:      layout_basic, fedhas_altar_3
D:3:      layout_rooms
D:4:      layout_cave_pools, serial_shops, shop, shop, nicolae_shop_statue_plus,
          shop, shop_statue, uniq_pikel, uniq_duvessa

Skill      XL: |  1  2 |
---------------+-------+-----
Fighting       | 3 |  3.4
Axes           | 3 |  3.3
Armour         | |  3.7
Shields        | |  3.2

Action                   || total
-------------------------++-------
Melee: War axe           ||    94
 Abil: Heal Wounds       ||     7
Armor: Scale mail        ||    63
Dodge: Dodged            ||    36
Block: Kite shield       ||    52

Table legend:
 A = Non-vault XP
 B = Vault XP
 C = Vault XP percentage of total XP
 D = Non-vault monster count
 E = Vault monster count
 F = Vault count percentage of total count
                 A         B        C        D         E       F
            +---------+---------+-------+---------+---------+-------
      Total |      85 |       0 |   0.0 |      15 |       0 |   0.0
            +---------+---------+-------+---------+---------+-------
        D:1 |       1 |       0 |   0.0 |       1 |       0 |   0.0
        D:2 |      18 |       0 |   0.0 |       3 |       0 |   0.0
        D:3 |      21 |       0 |   0.0 |       7 |       0 |   0.0
        D:4 |      45 |       0 |   0.0 |       4 |       0 |   0.0
            +---------+---------+-------+---------+---------+-------
